 Dungeon Crawl Stone Soup version 0.21-a0-529-g8c7b3f5 (webtiles) character file.

19 Amnesiac the Vexing (level 2, -2/28 HPs)
             Began as an Ogre Arcane Marksman on Dec 12, 2017.
             Slain by a jackal (3 damage)
             ... on level 1 of the Dungeon.
             The game lasted 00:01:31 (383 turns).

Amnesiac the Vexing (Ogre Arcane Marksman)           Turns: 383, Time: 00:01:31

Health: -2/28      AC:  3    Str: 13    XL:     2   Next: 75%
Magic:  0/4        EV: 10    Int: 14    God:
Gold:   24         SH:  0    Dex:  9    Spells: 1/4 levels left

rFire    . . .     SeeInvis .   g - +0 dagger
rCold    . . .     Gourm    .   (no shield)
rNeg     . . .     Faith    .   a - +0 robe
rPois    .         Spirit   .   (helmet restricted)
rElec    .         Reflect  .   (no cloak)
rCorr    .         Harm     .   (gloves unavailable)
MR       .....                  (boots unavailable)
Stlth    +.........             (no amulet)
HPRegen  0.09/turn              (no ring)
MPRegen  0.09/turn              (no ring)

@: no status effects
A: large, unfitting armour, tough skin 1
a: no special abilities


You were on level 1 of the Dungeon.
You were not hungry.

You visited 1 branch of the dungeon, and saw 1 of its levels.

You collected 24 gold pieces.

Inventory:

Hand Weapons
 g - a +0 dagger (weapon)
Missiles
 c - 4 large rocks
 d - 2 throwing nets
 h - 36 stones (quivered)
Armour
 a - a +0 robe (worn)
Books
 b - a book of Debilitation

   Spells                             Type                      Level
   a - Corona                         Hexes                        1
   b - Slow                           Hexes                        2
   c - Inner Flame                    Hexes/Fire                   3
   d - Portal Projectile              Hexes/Translocation          3
   e - Cause Fear                     Hexes                        4
   f - Leda's Liquefaction            Hexes/Earth                  4
Comestibles
 f - a bread ration


   Skills:
 + Level 1.9 Fighting
 * Level 2.4 Throwing
 + Level 2.0 Dodging
 + Level 1.6 Spellcasting
 + Level 2.8 Hexes


You had one spell level left.
You knew the following spells:

 Your Spells              Type           Power        Failure   Level  Hunger
a - Corona                Hex            #......      8%          1    ##.....
e - Slow                  Hex            #.......     12%         2    ###....


Dungeon Overview and Level Annotations

Branches:
Dungeon (1/15)

Altars:


Innate Abilities, Weirdness & Mutations

You are too large for most types of armour.
You have tough skin. (AC +1)


Message History

The jackal bites you but does no damage. x2
You hit the jackal.
The jackal is moderately wounded.
The jackal bites you.
* * * LOW HITPOINT WARNING * * *
You closely miss the jackal.
The jackal is moderately wounded.
The jackal barely misses you.
You barely miss the jackal.
The jackal is moderately wounded.
The jackal closely misses you. The jackal barely misses you.
You closely miss the jackal.
The jackal is moderately wounded.
The jackal closely misses you.
You miss the jackal.
The jackal is moderately wounded.
The jackal bites you but does no damage.
The jackal bites you.
* * * LOW HITPOINT WARNING * * *
You barely miss the jackal.
The jackal is moderately wounded.
The jackal barely misses you.
You hit the jackal but do no damage.
The jackal is moderately wounded.
The jackal bites you.
* * * LOW HITPOINT WARNING * * *
You hit the jackal.
The jackal is severely wounded.
The jackal barely misses you. x2
You closely miss the jackal.
The jackal is severely wounded.
The jackal bites you but does no damage.
Casting: Corona
Confirm with . or Enter, or press ? or * to list all spells.
Aiming: Corona
Press: ? - help, Shift-Dir - straight line, f/p - jackal
Aim: a jackal (chance to defeat MR: 62%)
The jackal is outlined in light.
The jackal closely misses you. The jackal completely misses you.
You hit the jackal.
The jackal is almost dead.
The jackal bites you but does no damage.
You hit the jackal but do no damage.
The jackal is severely wounded.
The jackal barely misses you.
You barely miss the jackal.
The jackal is severely wounded.
The jackal bites you.
* * * LOW HITPOINT WARNING * * *
The jackal bites you but does no damage.
You hit the jackal but do no damage.
The jackal is severely wounded.
The jackal closely misses you.
You hit the jackal.
You kill the jackal!
The jackal barely misses you.
Okay, then.
Okay, then.
Really quaff
e - a fizzy pink potion {!q}?
It was a potion of cancellation {!q}.
You feel magically purged. The jackal bites you.
* * * LOW HITPOINT WARNING * * *
You hit the jackal but do no damage. The jackal bites you.
You die...

#.....# ... #.#.###.#
##....## #.#.# #.#.#
#........####.#.###.#.#
#...#.......#.#.#...#.#
#...# #.#.#.#.###.# ....
#†#.#.....#.#
#.#######.#.#.#.#.#.#
#†.hh@............#.# .##
#.#######.#.......#.#
....###.#.......#...#.....##
..h...h.#.......#...........
.?....h.........#...#.#.####
....................#.#.....
#################...#.#.####
#.#...#.#.# #.......###


You could see 2 jackals.

Vanquished Creatures
  2 leopard geckos (D:1)
  A giant cockroach (D:1)
  2 goblins (D:1)
  A hobgoblin (D:1)
  5 jackals (D:1)
  A kobold (D:1)
  A bat (D:1)
  A frilled lizard (D:1)
14 creatures vanquished.

Notes
Turn   | Place    | Note
-------+----------+-------------------------------------------
     0 | D:1      | Amnesiac the Ogre Arcane Marksman began the quest for the Orb.
     0 | D:1      | Reached XP level 1. HP: 19/19 MP: 2/2
   235 | D:1      | Reached XP level 2. HP: 20/28 MP: 4/4
   245 | D:1      | Learned a level 2 spell: Slow
   382 | D:1      | HP: 1/28 [jackal (3)]
   383 | D:1      | Slain by a jackal

Vault maps used:
D:1:      eino_arrival_cavern_e

Skill      XL: |  1  2 |
---------------+-------+-----
Dodging        | 2 |  2.0
Fighting       | |  1.9
Throwing       | |  2.4
Spellcasting   | |  1.6
Hexes          | |  2.8

Action                   || total
-------------------------++-------
Melee: Dagger            ||    71
       Unarmed           ||     2
Throw: Stone             ||    21
       Large rock        ||     1
 Cast: Corona            ||    14
  Use: Potion            ||     1
Armor: Robe              ||    17
Dodge: Dodged            ||    55

Table legend:
 A = Spawn XP
 B = Non-spawn XP
 C = Spawn XP percentage of total XP
 D = Spawn monster count
 E = Non-spawn monster count
 F = Spawn count percentage of total count
 G = Total turns spent on level
                    A         B        C        D         E        F      G
               +---------+---------+-------+---------+---------+-------+---------
         Total |       0 |      28 |   0.0 |       0 |      14 |   0.0 |   383
               +---------+---------+-------+---------+---------+-------+---------
           D:1 |       0 |      28 |   0.0 |       0 |      14 |   0.0 |   383
               +---------+---------+-------+---------+---------+-------+---------
